 Dungeon Crawl Stone Soup version 0.27-a0-1202-ge72e49191c (webtiles) character file.

Game seed: 8808667947501134646

1411 robertstho the Firebug (level 8, -1/60 (64) HPs)
             Began as a Naga Fire Elementalist on June 4, 2021.
             Was a Believer of Cheibriados.
             Slain by an ogre
             ... wielding a +0 giant club
              (21 damage)
             ... on level 6 of the Dungeon.
             The game lasted 00:15:39 (7223 turns).

robertstho the Firebug (Naga Fire Elementalist)     Turns: 7223, Time: 00:15:40

HP:   -1/60 (64)    AC:  9    Str: 14    XL:     8   Next: 70%
MP:   4/15          EV:  8    Int: 22    God:    Cheibriados [**....]
Gold: 64            SH:  0    Dex: 16    Spells: 4/17 levels left

rFire    + + .     SeeInvis +   h - +0 dagger (venom)
rCold    . . .     Faith    .   (no shield)
rNeg     + . .     Spirit   .   B - +1 robe {rN+}
rPois    +         Reflect  .   m - +0 helmet
rElec    .         Harm     .   (no cloak)
rCorr    .         Rampage  .   (no gloves)
Will     +....                  g - +0 barding "Avumiuka" {rF++}
Stlth    +++.......             u - amulet of regeneration
HPRegen  1.20/turn              (no ring)
MPRegen  0.14/turn              (no ring)

@: short of breath, drained, very slow
A: AC +2, large, see invisible, deformed body, poison resistance, slowness 2,
spit poison 1, naga tail 1
a: Spit Poison, Renounce Religion, Bend Time


You were on level 6 of the Dungeon.
You worshipped Cheibriados.
Cheibriados was pleased with you.
You visited 1 branch of the dungeon, and saw 6 of its levels.

You collected 270 gold pieces.
You spent 206 gold pieces at shops.

Inventory:

Hand Weapons
 h - a +0 dagger of venom (weapon)
 i - a +1 short sword of holy wrath
 o - a +2 vorpal flail
Missiles
 e - 4 boomerangs
 j - 4 curare-tipped darts
 A - 8 atropa-tipped darts
Armour
 g - the +0 barding "Avumiuka" (worn) {rF++}
   (You acquired it on level 2 of the Dungeon)

   It greatly protects you from fire.
 m - a +0 helmet (worn)
 B - a +1 robe of positive energy (worn)
Jewellery
 u - an amulet of regeneration (around neck)
Wands
 d - a wand of acid (5)
 n - a wand of flame (21)
 w - a wand of paralysis (11)
Scrolls
 a - a scroll of magic mapping {unknown}
 b - 2 scrolls of fear {unknown}
 c - 2 scrolls of identify
 k - a scroll of amnesia
 t - a scroll of immolation {unknown}
 y - a scroll of fog
Potions
 f - a potion of magic
 l - 3 potions of curing
 p - 2 potions of heal wounds {unknown}
 q - a potion of brilliance {unknown}
 r - a potion of flight {unknown}
 s - 2 potions of ambrosia
 x - a potion of attraction
 z - a potion of might


   Skills:
 + Level 1.5 Fighting
 + Level 0.9 Short Blades
 + Level 2.4 Dodging
 + Level 4.6 Stealth
 + Level 5.1 Spellcasting
 + Level 5.2 Conjurations
 + Level 6.1 Fire Magic
 * Level 2.8 Invocations


You had 4 spell levels left.
You knew the following spells:

 Your Spells              Type           Power      Damage    Failure   Level
a - Foxfire               Conj/Fire      100%       2x1d9     1%          1
b - Conjure Flame         Conj/Fire      30%        6-21      3%          3
c - Sticky Flame          Conj/Fire      30%        2d5       10%         4
d - Fireball              Conj/Fire      15%        3d8       26%         5

Your spell library contained the following spells:

 Spells                   Type           Power      Damage    Failure   Level
 Inner Flame              Hex/Fire       19%        N/A       9%          3


Dungeon Overview and Level Annotations

Branches:
Dungeon (6/15)
 Temple: D:4-7

Altars:
Cheibriados
Dithmenos
Sif Muna
Vehumet
Wu Jian
Xom
The Shining One

Shops:
D:5 (!![?


Innate Abilities, Weirdness & Mutations

Your serpentine skin is tough. (AC +2)
You have supernaturally acute eyesight. (SInv)
Armour fits poorly on your strangely shaped body.
Your system is resistant to poisons. (rPois)
You cover ground very slowly.
You can spit poison.
You have a snake-like lower body.


Message History

The gnoll is almost dead.
The gnoll hits you but does no damage. The gnoll barely misses you.
Unknown command.
The gnoll hits you with a +0 whip. The wight hits you with a +0 scimitar!
You partially resist.
You feel drained. The gnoll closely misses you. The wight barely misses you.
The wight hits you with a +0 scimitar. You partially resist.
You feel drained. The wight hits you with a +0 scimitar! You partially resist.
You feel drained. The wight hits you with a +0 scimitar.
Found a trident.
The flow of time bends around you.
Cheibriados rebukes the wight.
The wight seems to slow down.
The wight hits you but does no damage. The gnoll hits you with a +0 whip.
The wight hits you with a +0 scimitar. The gnoll barely misses you.
An ogre comes into view. It is wielding a +0 giant club.
The gnoll hits you with a +0 whip.
The ogre shouts!
The gnoll hits you with a +0 whip. The gnoll barely misses you.
The ogre hits you with a +0 giant club!
An adder comes into view.
The gnoll barely misses you. The gnoll hits you with a +0 whip.
As you read the scroll of teleportation, it crumbles to dust.
You feel strangely unstable.
The wight is no longer moving slowly.
The gnoll barely misses you.
The adder hisses angrily.
The adder completely misses you. The gnoll hits you with a +0 whip.
Your surroundings suddenly seem different.
Okay, then.
Press: ? - help, Shift-Dir - straight line, f - ogre
Aim: an ogre, wielding a +0 giant club The splash of poison misses the ogre.
Unknown command.
The ogre hits you with a +0 giant club!!
* * * LOW HITPOINT WARNING * * *
The adder bites you but does no damage.
The ogre hits you with a +0 giant club!!
You die...

#... #..## ###. ...# ##### ...##
#.#...# # ..... ......# # .
#....#####.. ...# #. # ^.
#......##..##...# #.### ...
#........##....# #....
....##..#......O....# #....
^...........z.gS@...# ##.##
......###......##.### #...#
.^.#...##.###....# ##...
.................#### #..).
..............#.....##########...
.#..........####.................
##..........##.........#.######..
......####.....###.#.....# ##.
...... ..)### #.##....#######.


You could see an ogre, a wight, a gnoll and an adder.

Vanquished Creatures
  Menkaure (D:6)
  A black bear (D:6)
  3 ogres (D:4)
  A centaur (D:6)
  Blork the orc (D:5)
  3 scorpions
  A jelly (D:4)
  2 orc priests
  4 iguanas
  Ijyb (D:2)
  2 bullfrog skeletons
  A gnoll shaman (D:4)
  2 orc wizards
  Terence (D:2)
  2 hound skeletons
  9 gnolls
  3 adders
  A shadow imp (D:6)
  An adder skeleton (D:4)
  2 dart slugs
  10 orcs
  5 bats
  An endoplasm (D:3)
  5 giant cockroaches
  13 goblins
  7 hobgoblins
  7 jackals
  8 kobolds
  3 quokkas
  4 ball pythons
  3 frilled lizards
  A quokka skeleton (D:4)
  4 rats
113 creatures vanquished.

Vanquished Creatures (others)
  492 foxfires
492 creatures vanquished.

Grand Total: 605 creatures vanquished

Notes
Turn   | Place    | Note
-------+----------+-------------------------------------------
     0 | D:1      | robertstho the Naga Fire Elementalist began the quest for
                  | the Orb.
     0 | D:1      | Reached XP level 1. HP: 15/15 MP: 3/3
   190 | D:1      | Found a faded altar of an unknown god.
   406 | D:1      | Reached XP level 2. HP: 22/22 MP: 0/5
   989 | D:1      | Reached XP level 3. HP: 28/28 MP: 6/6
  1458 | D:2      | Learned a level 3 spell: Conjure Flame
  1820 | D:2      | Reached XP level 4. HP: 36/36 MP: 2/7
  2237 | D:2      | Noticed Terence
  2248 | D:2      | Killed Terence
  2249 | D:2      | Reached skill level 4 in Fire Magic
  2907 | D:2      | Noticed Ijyb
  2915 | D:2      | Reached XP level 5. HP: 43/43 MP: 2/9
  2921 | D:2      | Identified a scroll of acquirement
  2921 | D:2      | Acquired the +0 barding "Avumiuka" {rF++}
  2947 | D:2      | Killed Ijyb
  3215 | D:2      | Found a shimmering altar of Xom.
  4041 | D:3      | Found a shadowy altar of Dithmenos.
  4114 | D:3      | Found a radiant altar of Vehumet.
  4139 | D:3      | Reached XP level 6. HP: 50/50 MP: 1/10
  4213 | D:3      | Learned a level 4 spell: Sticky Flame
  4833 | D:4      | Found a snail-covered altar of Cheibriados.
  4840 | D:4      | Became a worshipper of Cheibriados the Contemplative
  4890 | D:4      | Reached XP level 7. HP: 56/56 MP: 12/12
  5035 | D:4      | Found an ornate altar of the Wu Jian Council.
  5075 | D:4      | Reached skill level 1 in Fighting
  5075 | D:4      | Reached skill level 5 in Fire Magic
  5726 | D:5      | Entered Level 5 of the Dungeon
  5733 | D:5      | Reached * piety under Cheibriados
  5831 | D:5      | Found Faenoqesk's Distillery.
  5845 | D:5      | Bought a potion of attraction for 42 gold pieces
  5845 | D:5      | Bought a potion of might for 56 gold pieces
  5845 | D:5      | Bought a potion of curing for 42 gold pieces
  5909 | D:5      | Found Bicug's Antique Armour Shop.
  5920 | D:5      | Found Xuguh's Magic Scroll Shoppe.
  5928 | D:5      | Bought a scroll of fog for 22 gold pieces
  5928 | D:5      | Bought a scroll of teleportation for 33 gold pieces
  5976 | D:5      | Found Uckuyhia's Distillery.
  5976 | D:5      | Noticed Blork the orc
  5986 | D:5      | Killed Blork the orc
  5987 | D:5      | Reached skill level 1 in Invocations
  6080 | D:5      | Found Ocifrote's Weapon Emporium.
  6227 | D:5      | Bought a potion of degeneration for 11 gold pieces
  6239 | D:5      | Found a shimmering blue altar of Sif Muna.
  6248 | D:5      | Reached XP level 8. HP: 64/64 MP: 9/14
  6577 | D:6      | Noticed a yak
  6577 | D:6      | Noticed a yak
  6577 | D:6      | Noticed a yak
  6577 | D:6      | Noticed a yak
  6607 | D:6      | Noticed Menkaure
  6614 | D:6      | Killed Menkaure
  6728 | D:6      | Reached skill level 5 in Conjurations
  6811 | D:6      | Found a glowing golden altar of the Shining One.
  6892 | D:5      | Reached skill level 6 in Fire Magic
  6958 | D:6      | Reached skill level 5 in Spellcasting
  6985 | D:6      | Reached ** piety under Cheibriados
  7185 | D:6      | Learned a level 5 spell: Fireball
  7223 | D:6      | Slain by an ogre

Illustrated notes

Levels and vault maps discovered:
D:1:      dpeg_arrival_rhombi, layout_basic, ebering_ecumenical_altar_abandoned,
          minmay_close_crescents
D:2:      kennysheep_the_goblin_king, layout_basic, basic_altar, uniq_terence
D:3:      layout_rooms, old_standard_altar, lemuel_coloured_pillars_altar
D:4:      layout_basic, nicolae_wu_jian_immortal_techniques, cheibriados_altar_1
D:5:      layout_rooms, lemuel_crystal_altar, serial_glass, glass_columns_a,
          glass_columns_a, glass_columns_a, glass_columns_c, glass_columns_b,
          glass_columns_b, serial_shops, kennysheep_mini_moat,
          nicolae_shop_window_shopping, shop, shop, shop, uniq_blork_the_orc
D:6:      layout_rooms, amcnicky_altar_gilded, grunt_nemelex_the_gamble,
          minmay_holes, uniq_menkaure

Skill      XL: |  1  2  3  4  5  6  7  8 |
---------------+-------------------------+-----
Conjurations   | 2 3 4 5 |  5.2
Fire Magic     | 4 5 6 |  6.1
Spellcasting   | 3 4 5 |  5.1
Dodging        | 2 |  2.4
Stealth        | 4 |  4.6
Fighting       | 1 |  1.5
Invocations    | 1 2 |  2.8
Short Blades   | |  0.9

Action                   |  1- 3 |  4- 6 |  7- 9 || total
-------------------------+-------+-------+-------++-------
Melee: Short sword       |     1 |       |       ||     1
       Dagger            |       |    26 |     6 ||    32
 Cast: Foxfire           |    47 |   104 |   142 ||   293
       Fireball          |       |       |     1 ||     1
       Conjure Flame     |       |       |     1 ||     1
Invok: Bend Time         |       |       |     1 ||     1
 Abil: Spit Poison       |     8 |    14 |    10 ||    32
  Use: Scroll            |       |     4 |     4 ||     8
       Potion            |       |     3 |       ||     3
 Stab: Sleeping          |       |     1 |       ||     1
Armor: Robe              |     1 |    14 |    19 ||    34
Dodge: Dodged            |     7 |    34 |    46 ||    87

Table legend: (Time is in decaauts)
 A = Elapsed time spent in this place.
 B = Non-inter-level travel time spent in this place.
 C = Inter-level travel time spent in this place.
 D = Time resting spent in this place.
 E = Time spent auto-exploring this place.
 F = Levels seen in this place.
 G = Mean time per level.
                   A        B        C        D        E       F      G
               +--------+--------+--------+--------+--------+-----+--------+
         Total |   9338 |   9008 |    330 |    260 |   7654 |   6 | 1556.3 |
       Dungeon |   9338 |   9008 |    330 |    260 |   7654 |   6 | 1556.3 |
               +--------+--------+--------+--------+--------+-----+--------+

Top non-repeatable levels by time:
     D:2: 2474 daAuts
     D:4: 1978 daAuts
     D:1: 1841 daAuts
     D:5: 1368 daAuts
     D:3: 933 daAuts
     D:6: 741 daAuts
